 Dungeon Crawl Stone Soup version 0.28.0-45-g0d030f2227 (console) character file.

Game seed: 1523594572564442452

189 Banquo the Magician (level 6, -3/42 HPs)
             Began as a Djinni Venom Mage on Apr 11, 2022.
             Was a Believer of Cheibriados.
             Slain by a gnoll
             ... wielding a +0 flail
              (7 damage)
             ... on level 3 of the Dungeon.
             The game lasted 00:09:08 (3253 turns).

Banquo the Magician (Djinni Venom Mage)             Turns: 3253, Time: 00:09:08

Health: -3/42      AC:  2    Str: 12    XL:     6   Next: 0%
Gold:   88         EV: 13    Int: 23    God:    Cheibriados [**....] SH:  0 Dex: 19

rFire   + + .      SeeInvis .   a - +0 falchion (elec)
rCold   x . .      Faith    .   (no shield)
rNeg    . . .      Spirit   .   g - +0 robe
rPois   ∞          Reflect  .   (no helmet)
rElec   .          Harm     .   (no cloak)
rCorr   .          Rampage  .   (no gloves)
Will    .....                   (boots unavailable)
Stlth   ++........              (no amulet)
HPRegen 0.14/turn               (no ring)
MPRegen 0.00/turn               (no ring)

@: flying, very slow
A: sickness immunity, fire resistance 2, cold vulnerability 1, float, innate
caster, HP casting, extra vitality 1
a: Renounce Religion, Bend Time


You were on level 3 of the Dungeon.
You worshipped Cheibriados.
Cheibriados was pleased with you.
You visited 1 branch of the dungeon, and saw 3 of its levels.

You collected 88 gold pieces.

Inventory:

Hand Weapons
 a - a +0 falchion of electrocution (weapon)
 c - a +0 short sword
 d - a +0 dagger
 m - a +1 vampiric dagger
Missiles
 b - 87 stones
 k - 7 boomerangs
Armour
 g - a +0 robe (worn)
Wands
 i - a wand of flame (22)
Scrolls
 h - a scroll of holy word {unknown}
 l - a scroll of amnesia {unknown}
Potions
 e - a potion of curing {unknown}
 f - a potion of might {unknown}
 j - a potion of attraction {unknown}


   Skills:
 * Level 1.4 Fighting
 * Level 0.8 Long Blades
 * Level 2.8 Dodging
 - Level 1.5 Stealth
 * Level 4.2 Spellcasting


You couldn't memorise any spells.
You knew the following spells:

 Your Spells              Type           Power      Damage    Failure   Level
a - Sting                 Tmut/Pois      96%        1d7       1%          1
b - Freeze                Ice            96%        1d11      1%          1
c - Mephitic Cloud        Conj/Pois/Air  24%        N/A       5%          3
d - Passwall              Tmut/Erth      20%        N/A       2%          2
z - Poisonous Vapours     Pois/Air       48%        N/A       2%          2
O - Olgreb's Toxic Radia  Pois           24%        N/A       17%         4
Your spell library was empty.

Dungeon Overview and Level Annotations

Branches:
Dungeon (3/15)

Altars:
Cheibriados

Shops:
D:2 :


Innate Abilities, Weirdness & Mutations

You are immune to sickness and miasma.
You are immune to poison.
Your flesh is very heat resistant. (rF++)
You are vulnerable to cold. (rC-)
You float through the air rather than walking.
You learn spells naturally, not from books.
Your magical power is your life essence.
You have superior vitality. (+4 MHP)


Message History

Aim: a gnoll, wielding a +0 whip (moderately wounded, very poisoned, chance to affect: 91%)
The ball explodes into a vile cloud!
The stinking cloud engulfs the gnoll but does no damage.
The gnoll is moderately wounded.
The stinking cloud engulfs the gnoll but does no damage.
The gnoll is engulfed in noxious fumes.
The gnoll appears confused.
The gnoll hits the gnoll with a +0 whip.
Unknown command.
The gnoll is engulfed in noxious fumes.
You hit the gnoll but do no damage.
The gnoll is severely wounded.
The gnoll is engulfed in noxious fumes.
The gnoll appears confused.
You hit the gnoll.
You kill the gnoll!
Cheibriados appreciates the change of pace.
You have reached level 6!
You hit the gnoll.
The gnoll is moderately wounded.
The gnoll hits you with a +0 flail!
* * * LOW HITPOINT WARNING * * *
The gnoll barely misses you.
You hit the gnoll.
The gnoll is severely wounded.
The gnoll misses you.
You closely miss the gnoll.
The gnoll is severely wounded.
The gnoll hits you with a +0 flail.
* * * LOW HITPOINT WARNING * * *
You hit the gnoll.
The gnoll is severely wounded.
The gnoll hits you with a +0 flail.
* * * LOW HITPOINT WARNING * * *
You barely miss the gnoll.
The gnoll is severely wounded.
The gnoll misses you. The gnoll hits you with a +0 flail.
* * * LOW HITPOINT WARNING * * *
You closely miss the gnoll.
The gnoll is severely wounded.
The gnoll hits you with a +0 flail!
You die...

#.# #.# #. ######.# #. .......#
#> ######## .##### .....#
#.##.# #.##.# #@##.#
######g##.##
#########...##.##..##
#........#....>##...##
...######.#.###.......#########
#....#.# #.....))†.......#
#.###..# #.###.####.####)# #.#
##.....# #.# #.# #.# #g###.#
#.# #.#


You could see a gnoll.

Vanquished Creatures
  Jessica (D:2)
  Terence (D:2)
  Natasha (D:3)
  3 gnolls (D:3)
  2 adders (D:3)
  A dart slug (D:3)
  4 orcs (D:3)
  5 bats
  3 endoplasms
  2 giant cockroaches (D:2)
  9 goblins
  6 hobgoblins
  4 jackals (D:2)
  3 kobolds
  A quokka (D:2)
  4 ball pythons
  4 frilled lizards
  5 rats
  A spectral kobold (D:2)
60 creatures vanquished.

Vanquished Creatures (others)
  4 plants (D:3)
4 creatures vanquished.

Grand Total: 64 creatures vanquished

Notes
Turn   | Place    | Note
-------+----------+-------------------------------------------
     0 | D:1      | Banquo the Djinni Venom Mage began the quest for the Orb.
     0 | D:1      | Reached XP level 1. HP: 15/15 MP: 0/0
   428 | D:1      | Reached XP level 2. HP: 13/21 MP: 0/0
  1147 | D:1      | Reached skill level 3 in Spellcasting
  1587 | D:2      | Noticed Terence
  1591 | D:2      | Reached XP level 3. HP: 17/26 MP: 0/0
  1591 | D:2      | Learned a level 1 spell: Freeze
  1597 | D:2      | Killed Terence
  1755 | D:2      | Found Ishetan's Book Emporium.
  1838 | D:2      | Reached XP level 4. HP: 28/31 MP: 0/0
  1911 | D:2      | Noticed Jessica
  1938 | D:2      | Killed Jessica
  1939 | D:2      | Reached skill level 1 in Fighting
  2047 | D:2      | Found a faded altar of an unknown god.
  2056 | D:2      | Prayed at the altar of an unknown god.
  2056 | D:2      | Became a worshipper of Cheibriados the Contemplative
  2056 | D:2      | Reached * piety under Cheibriados
  2941 | D:3      | Reached XP level 5. HP: 34/37 MP: 0/0
  2941 | D:3      | Learned a level 2 spell: Passwall
  3011 | D:3      | Reached ** piety under Cheibriados
  3106 | D:3      | Noticed Natasha
  3112 | D:3      | Killed Natasha
  3113 | D:3      | Reached skill level 4 in Spellcasting
  3245 | D:3      | Reached XP level 6. HP: 20/42 MP: 0/0
  3253 | D:3      | Slain by a gnoll

Illustrated notes

Levels and vault maps discovered:
D:1:      dpeg_arrival_solitude, layout_basic, kennysheep_another_room
D:2:      layout_loops_cross, dreamdust_ecumenical_altar_drowned_temple,
          serial_shops, nicolae_diamond_shop, uniq_terence, uniq_jessica
D:3:      corexii_shack_village, layout_loops_ring, uniq_sigmund, uniq_natasha

Skill      XL: |  1  2  3  4  5 |
---------------+----------------+-----
Spellcasting   | 3 4 |  4.2
Fighting       | 1 |  1.4
Long Blades    | |  0.8
Dodging        | |  2.8
Stealth        | |  1.5

Action                   |  1- 3 |  4- 6 || total
-------------------------+-------+-------++-------
Melee: Falchion          |     2 |    58 ||    60
       Punch             |       |     1 ||     1
 Cast: Sting             |    29 |     2 ||    31
       Poisonous Vapours |    10 |    28 ||    38
       Mephitic Cloud    |       |     4 ||     4
 Stab: Confused          |       |     1 ||     1
       Sleeping          |       |     1 ||     1
Armor: Robe              |     1 |     5 ||     6
Dodge: Dodged            |     8 |    40 ||    48
